 Dungeon Crawl Stone Soup version 0.27.1-3-gb3d3a73c9e (webtiles) character file.

Game seed: 15328415842816406454

7006 jjjjhere the Thaumaturge (level 10, -13/56 HPs)
             Began as a Deep Elf Air Elementalist on Oct 17, 2021.
             Mangled by a centaur warrior (17 damage)
             ... on level 8 of the Dungeon.
             The game lasted 00:22:23 (13909 turns).

jjjjhere the Thaumaturge (DEAE)                    Turns: 13909, Time: 00:22:24

Health: -13/56     AC:  6    Str:  5    XL:     10   Next: 82%
Magic:  27/29      EV: 34    Int: 24    God:
Gold:   419        SH:  0    Dex: 15    Spells: 22/36 levels left

rFire    . . .     SeeInvis .   y - +0 dagger (venom)
rCold    . . .     Faith    .   (no shield)
rNeg     . . .     Spirit   .   t - +2 robe {Will+}
rPois    .         Reflect  .   (no helmet)
rElec    .         Harm     .   (no cloak)
rCorr    .         Rampage  .   b - +1 pair of gloves
Will     ++...                  (no boots)
Stlth    ++........             i - amulet of the acrobat
HPRegen  0.18/turn              k - +4 ring of evasion
MPRegen  0.21/turn              (no ring)

@: acrobatic
A: no striking features
a: no special abilities


You were on level 8 of the Dungeon.
You visited 2 branches of the dungeon, and saw 9 of its levels.

You collected 419 gold pieces.

Inventory:

Hand Weapons
 a - a +0 whip of flaming
 g - a +0 dagger
 y - a +0 dagger of venom (weapon)
Armour
 b - a +1 pair of gloves (worn)
 q - a +1 robe of cold resistance
 t - a +2 robe of willpower (worn)
Jewellery
 i - an amulet of the acrobat (around neck)
 k - a +4 ring of evasion (left hand)
 u - an amulet of regeneration
 A - a +4 ring of protection
Wands
 n - a wand of digging (5)
 o - a wand of flame (15)
 v - a wand of charming (4)
 B - a wand of acid (2)
Scrolls
 d - a scroll of fog
 j - a scroll of immolation {unknown}
 l - a scroll of teleportation {unknown}
 r - a scroll of fear {unknown}
 w - a scroll of enchant armour {unknown}
 x - 3 scrolls of holy word
Potions
 c - a potion of haste
 e - 2 potions of brilliance
 f - a potion of lignification
 h - 3 potions of curing
 m - a potion of cancellation
 p - a potion of attraction
 s - 2 potions of flight
 z - a potion of ambrosia {unknown}
 C - a potion of berserk rage {unknown}
 D - a potion of might {unknown}


   Skills:
 + Level 4.0 Fighting
 + Level 6.5 Dodging
 - Level 2.4 Stealth
 + Level 13.7 Spellcasting
 - Level 5.0 Conjurations
 - Level 4.8 Fire Magic
 - Level 8.9 Air Magic


You had 22 spell levels left.
You knew the following spells:

 Your Spells              Type           Power      Damage    Failure   Level
a - Shock                 Conj/Air       100%       1d9       1%          1
b - Static Discharge      Conj/Air       50%        N/A       1%          2
c - Swiftness             Air            56%        N/A       1%          3
d - Airstrike             Air            28%        N/A       1%          4
e - Sticky Flame          Conj/Fire      40%        2d6       4%          4

Your spell library contained the following spells:

 Spells                   Type           Power      Damage    Failure   Level
 Foxfire                  Conj/Fire      100%       2x1d9     1%          1
 Conjure Flame            Conj/Fire      40%        6-21      1%          3
 Inner Flame              Hex/Fire       27%        N/A       4%          3
 Ignite Poison            Fire/Tmut/Pois 24%        N/A       5%          3
 Cause Fear               Hex            8%         N/A       34%         4
 Petrify                  Tmut/Erth      16%        N/A       34%         4
 Metabolic Englaciation   Hex/Ice        8%         N/A       69%         5
 Statue Form              Tmut/Erth      10%        N/A       99%         6
 Discord                  Hex            8%         N/A       100%        8


Dungeon Overview and Level Annotations

Branches:
Dungeon (8/15)             Temple (1/1) D:7
   Lair: D:8-11

Altars:
Ashenzari
Cheibriados
Dithmenos
Gozag
Makhleb
Nemelex Xobeh
Qazlal
Trog
Uskayaw
Wu Jian
Xom
Yredelemnul
Beogh
Lugonu

Annotations:
D:2 1 runed translucent door, Crazy Yiuf
D:4 Dowan, Duvessa
D:6 3 runed translucent doors, BuzzyBeetle's ghost, novice DrCj


Message History

The centaur warrior burns!
The centaur warrior completely misses you.
The centaur warrior barely misses you.
The centaur warrior burns!
The centaur warrior barely misses you. The centaur warrior misses you.
The centaur warrior completely misses you.
The centaur warrior misses you.
The centaur warrior burns!
The centaur warrior hits you with a +4 vorpal spear!
The centaur warrior barely misses you.
The centaur warrior burns!
The centaur warrior completely misses you. x2
An ice beast comes into view.
The centaur warrior hits you with a +4 vorpal spear!
* * * LOW HITPOINT WARNING * * *
x2 The centaur warrior kicks you but does no damage.
Okay, then.
Okay, then.
The centaur warrior burns!
The centaur warrior completely misses you.
You see here a +0 short sword.
Things that are here:
a +0 short sword of venom; 4 poisoned darts The centaur warrior burns!
The centaur warrior unwields a +4 vorpal spear.
The centaur warrior wields a +0 longbow.
The centaur warrior shoots an arrow.
The arrow closely misses you.
The centaur warrior burns!
The centaur warrior unwields a +0 longbow.
The centaur warrior wields a +4 vorpal spear.
The centaur warrior misses you.
The centaur warrior kicks you but does no damage.
The centaur warrior burns!
The centaur warrior barely misses you.
The centaur warrior completely misses you. x3
The centaur warrior burns!
The centaur warrior completely misses you.
The centaur warrior barely misses you.
The centaur warrior burns!
The centaur warrior misses you.
The centaur warrior hits you from afar with a +4 vorpal spear!
You die...

.....#
#..........###....##..
....##
##.........)..........
....#.
#........[.#.....#.#.
...##.
##.........[......... ...#)
. #..#####.##.รท.#.....
..## .#.
##...###....#....... ###
).# #######..###..###.#....
#
##.##..#..###[....##.......
#...#)...Y@####......#.....
#.)##.c.#).####...#......
##..#...#..#..###...##.##
##..#.#..#..#.))##.##.##
#..##.#..#..####...##..#
#(.####..#..###...#####..
...# #..####........#### #
##.# #..###........#####.
### ## ####................


You could see a centaur warrior (burning) and an ice beast.

Vanquished Creatures
  2 two-headed ogres (D:8)
  Pikel (D:5)
  Joseph (D:8)
  Maggie (D:6)
  A komodo dragon (D:8)
  A slime creature (D:7)
  Sigmund (D:6)
  2 wyverns
  3 yaks
  Menkaure (D:5)
  2 acid dragons
  2 water moccasins (D:8)
  2 orc warriors (D:7)
  4 black bears
  4 sky beasts
  A necrophage (D:6)
  An ice beast (D:7)
  3 lemures (D:5)
  2 phantoms
  A kobold brigand (D:7)
  2 gnoll sergeants (D:8)
  A wyvern zombie (D:7)
  Blork the orc (D:5)
  A scorpion (D:7)
  A water moccasin zombie (D:5)
  A howler monkey (D:7)
  A centaur zombie (D:7)
  A bullfrog zombie (D:5)
  5 hounds
  A gnoll shaman (D:6)
  6 orc priests
  3 jellies
  2 iguanas
  A centaur skeleton (D:7)
  Ijyb (D:5)
  7 orc wizards
  A killer bee zombie (D:6)
  A howler monkey zombie (D:7)
  11 gnolls
  9 adders
  An ufetubus (D:6)
  An adder skeleton (D:4)
  6 dart slugs
  28 orcs
  10 bats
  6 endoplasms
  3 giant cockroaches
  5 hobgoblins
  4 jackals (D:5)
  21 kobolds
  3 quokkas
  6 ball pythons
  3 frilled lizards
  3 goblins
  6 rats
199 creatures vanquished.

Notes
Turn   | Place    | Note
-------+----------+-------------------------------------------
     0 | D:1      | jjjjhere the Deep Elf Air Elementalist began the quest for
                  | the Orb.
     0 | D:1      | Reached XP level 1. HP: 10/10 MP: 6/6
   146 | D:1      | Found a faded altar of an unknown god.
   298 | D:1      | Reached XP level 2. HP: 15/15 MP: 1/8
   357 | D:1      | Learned a level 2 spell: Static Discharge
   667 | D:1      | Reached skill level 4 in Spellcasting
  1074 | D:2      | Reached XP level 3. HP: 17/19 MP: 5/10
  1147 | D:2      | Learned a level 3 spell: Swiftness
  1819 | D:2      | Found a runed translucent door.
  1820 | D:2      | Noticed Crazy Yiuf
  2075 | D:2      | Reached XP level 4. HP: 21/24 MP: 4/12
  2141 | D:2      | Learned a level 4 spell: Airstrike
  2793 | D:3      | Reached skill level 5 in Spellcasting
  3270 | D:3      | Found a sparkling altar of Nemelex Xobeh.
  3886 | D:4      | Reached XP level 5. HP: 23/28 MP: 9/14
  3990 | D:4      | Noticed Duvessa
  4229 | D:4      | Reached skill level 6 in Spellcasting
  4229 | D:4      | Reached skill level 5 in Air Magic
  4278 | D:4      | Noticed an orc warrior
  5184 | D:4      | Noticed a black bear
  5196 | D:4      | Killed a black bear
  5197 | D:4      | Reached XP level 6. HP: 32/32 MP: 6/17
  5796 | D:4      | Noticed Dowan
  5867 | D:5      | Entered Level 5 of the Dungeon
  5886 | D:5      | Reached skill level 7 in Spellcasting
  6136 | D:5      | Reached XP level 7. HP: 36/36 MP: 5/19
  6302 | D:5      | Noticed Blork the orc
  6305 | D:5      | Killed Blork the orc
  6362 | D:5      | Reached skill level 8 in Spellcasting
  6523 | D:5      | Noticed Pikel
  6603 | D:5      | Noticed Ijyb
  6605 | D:5      | Noticed Menkaure
  6630 | D:5      | Killed Ijyb
  6824 | D:5      | Killed Menkaure
  6950 | D:5      | Killed Pikel
  6951 | D:5      | Reached skill level 9 in Spellcasting
  6951 | D:5      | Reached XP level 8. HP: 34/41 MP: 7/23
  7173 | D:5      | Reached skill level 10 in Spellcasting
  7686 | D:6      | Noticed Sigmund
  7969 | D:6      | Noticed Maggie
  8262 | D:6      | Killed Maggie
  8385 | D:6      | Reached skill level 11 in Spellcasting
  8486 | D:6      | Found a runed translucent gate.
  8487 | D:6      | Found a runed translucent gate.
  8488 | D:6      | Found a runed translucent gate.
  8489 | D:6      | Noticed BuzzyBeetle's ghost (novice DrCj)
  8600 | D:6      | Reached XP level 9. HP: 45/45 MP: 15/26
  8732 | D:6      | Learned a level 4 spell: Sticky Flame
  8785 | D:6      | Found a stormy altar of Qazlal.
  8809 | D:6      | Killed Sigmund
  8810 | D:6      | Reached skill level 1 in Fire Magic
  9784 | D:6      | HP: 10/45 [poisoned by a kobold brigand (curare-tipped
                  | dart)]
 10437 | D:7      | Reached skill level 12 in Spellcasting
 11252 | D:7      | Reached skill level 5 in Conjurations
 11419 | D:7      | Found a staircase to the Ecumenical Temple.
 11426 | Temple   | Entered the Ecumenical Temple
 11764 | D:7      | Found a shadowy altar of Dithmenos.
 11982 | D:7      | Reached skill level 1 in Fighting
 11982 | D:7      | Reached XP level 10. HP: 52/52 MP: 15/28
 12200 | D:8      | Noticed a two-headed ogre
 12204 | D:8      | Killed a two-headed ogre
 12530 | D:8      | Noticed Joseph
 12568 | D:8      | Killed Joseph
 12569 | D:8      | Reached skill level 13 in Spellcasting
 12704 | D:8      | Reached skill level 5 in Dodging
 13658 | D:8      | Noticed a two-headed ogre
 13670 | D:8      | Killed a two-headed ogre
 13885 | D:8      | Noticed a centaur warrior
 13902 | D:8      | HP: 6/56 [centaur warrior (14)]
 13909 | D:8      | Mangled by a centaur warrior

Illustrated notes

Levels and vault maps discovered:
D:1:      wheals_arrival_linesprint, layout_rooms,
          shapermc_ecumenical_altar_acropolis
D:2:      layout_basic, serial_co_window_serial, co_window_of_opportunity_a,
          co_window_corner_a, co_window_paths_a, co_window_paths_a,
          co_window_paths_a, co_window_of_opportunity_a,
          co_window_of_opportunity_a, co_window_of_opportunity_c,
          co_window_broadway_a, co_window_of_opportunity_b, co_window_corner_b,
          glass_columns_a, glass_columns_a, glass_columns_a,
          uniq_crazy_yiuf_cottage
D:3:      layout_basic, mainiacjoe_overflow_catwalk
D:4:      layout_loops_ring, uniq_duvessa
D:5:      layout_loops_ring, nicolae_ossuary_entry_monument, uniq_menkaure,
          uniq_blork_the_orc, uniq_ijyb, uniq_pikel
D:6:      layout_basic, lemuel_coloured_pillars_altar,
          biasface_ghost_orc_armoury, grunt_decor_resistance, uniq_sigmund,
          uniq_maggie
D:7:      hangedman_cross_stitches, layout_rooms, mainiacjoe_overflow_24_doors,
          minmay_temple_entry_butterflies
D:8:      minmay_the_grid_four_pointed_star
          [minmay_the_grid_triangle_9x9_negative_grid,
          minmay_the_grid_triangle_9x9_corrupted_corridor,
          minmay_the_grid_triangle_9x9_odd_lines,
          minmay_the_grid_triangle_9x9_zippers_vertical,
          minmay_the_grid_prize_four_corners_diamond_a], layout_rooms,
          nicolae_overflow_crystal_walls, uniq_joseph
Temple:   corrupted_temple

Skill      XL: |  1  2  3  4  5  6  7  8  9 10 |
---------------+-------------------------------+-----
Spellcasting   | 4 5 6 7 9 11 12 13 | 13.7
Air Magic      | 4 5 6 7 8 |  8.9
Fire Magic     | 4 |  4.8
Conjurations   | 5 |  5.0
Fighting       | 1 4 |  4.0
Dodging        | 3 6 |  6.5
Stealth        | |  2.4

Action                   |  1- 3 |  4- 6 |  7- 9 | 10-12 || total
-------------------------+-------+-------+-------+-------++-------
Melee: Dagger            |       |     2 |       |       ||     2
       Whip              |       |       |     2 |       ||     2
 Cast: Shock             |    88 |   128 |    33 |    11 ||   260
       Airstrike         |       |    16 |   126 |    60 ||   202
       Static Discharge  |       |     2 |     2 |       ||     4
       Swiftness         |       |     1 |       |       ||     1
       Sticky Flame      |       |       |     1 |     4 ||     5
  Use: Scroll            |     4 |     3 |     1 |     2 ||    10
       Potion            |       |       |     1 |       ||     1
 Stab: Sleeping          |       |     2 |       |       ||     2
Armor: Robe              |     4 |     8 |    11 |     9 ||    32
Dodge: Dodged            |     8 |    47 |    37 |    44 ||   136
